 Dungeon Crawl Stone Soup version 0.13-a0-2505-g5f0fbe2 (webtiles) character file.

185 Rycklaryybbe the Caller (level 4, 0/24 HPs)
             Began as a Tengu Summoner on July 24, 2013.
             Slain by Crazy Yiuf
             ... wielding a +2,+3 quarterstaff of chaos
              (6 damage)
             ... on Level 2 of the Dungeon.
             The game lasted 00:06:25 (1613 turns).

Rycklaryybbe the Caller (Tengu Summoner)            Turns: 1613, Time: 00:06:25

HP   0/24        AC  4     Str  8      XL: 4   Next: 45%
MP   5/10        EV 12     Int 16      God:
Gold 101         SH  0     Dex 15      Spells:  3 memorised,  4 levels left

Res.Fire  : . . .   See Invis. : .   u - +0 quarterstaff
Res.Cold  : . . .   Warding    : .   h - +2 robe
Life Prot.: . . .   Conserve   : .   (no shield)
Res.Poison: .       Res.Corr.  : .   (helmet restricted)
Res.Elec. : .       Clarity    : .   (no cloak)
Sust.Abil.: . .     Spirit.Shd : .   (no gloves)
Res.Mut.  : .       Stasis     : .   (boots unavailable)
Res.Rott. : .       Flight     : .   (no amulet)
Saprovore : . . .                    (no ring)
                                     (no ring)

@: slightly resistant to hostile enchantments, fairly stealthy
A: beak, talons 3
a: no special abilities


You were on level 2 of the Dungeon.
You were hungry.

You visited 1 branch of the dungeon, and saw 2 of its levels.

You collected 81 gold pieces.

Inventory:

Hand weapons
 a - a +1,+2 dwarven dagger of venom
 b - a +2,+0 elven spear
 d - a -1,+1 orcish dagger
 u - a +0,+0 quarterstaff (weapon)
Missiles
 e - 3 darts (quivered)
Armour
 f - a +0 robe
 h - a +2 robe (worn)
 l - a +0 robe
Magical devices
 k - a wand of magic darts (15) {unknown}
Comestibles
 c - a bread ration
Scrolls
 g - a scroll of fog {unknown}
 j - a scroll of amnesia {unknown}
 m - 2 scrolls of random uselessness {unknown}
 n - a scroll of enchant armour {unknown}
 q - 2 scrolls of blinking {unknown}
 r - a scroll of curse weapon {unknown}
 s - a scroll of identify {unknown}
Potions
 i - a potion of curing
 p - a potion of brilliance {unknown}
 t - a potion of resistance {unknown}
Books
 o - a book of Callings

   Spells                             Type                      Level
   *Summon Small Mammal               Summoning                    1
   *Call Imp                          Summoning                    2
   *Call Canine Familiar              Summoning                    3
   Summon Scorpions                   Summoning/Poison             4
   Summon Ice Beast                   Ice/Summoning                4


   Skills:
 - Level 2.1 Dodging
 - Level 2.0 Stealth
 + Level 3.8 Spellcasting
 - Level 4.8 Summonings


You had 4 spell levels left.
You knew the following spells:

 Your Spells              Type           Power        Failure   Level  Hunger
a - Summon Small Mammal   Summ           ###.         2%          1    None
b - Call Imp              Summ           ###.......   4%          2    ##.....
c - Call Canine Familiar  Summ           ###.......   10%         3    ###....


Dungeon Overview and Level Annotations

Branches:
Dungeon (2/27)

Altars:
Elyvilon
Nemelex Xobeh

Annotations
D:2 Crazy Yiuf


Innate Abilities, Weirdness & Mutations

You have a beak for a mouth.
You have claws for feet.


Message History

Found a dwarven hammer.
Casting: Summon Small Mammal
Confirm with . or Enter, or press ? or * to list all spells.
Your grey rat bites Crazy Yiuf.
Your grey rat bites Crazy Yiuf.
Casting: Summon Small Mammal
Confirm with . or Enter, or press ? or * to list all spells.
You are feeling hungry.
Crazy Yiuf barely misses you.
Crazy Yiuf screams, "Sif Muna bush stair!"
Crazy Yiuf says, "Blight!"
Casting: Call Canine Familiar
Confirm with . or Enter, or press ? or * to list all spells.
A beastly little devil appears in a puff of flame.
Your crimson imp says, "You called?"
Crazy Yiuf hits you with a quarterstaff of chaos!
Ouch! That really hurt!
* * * LOW HITPOINT WARNING * * *
Crazy Yiuf freezes you!
You die...

#...#
#.....# #
...
#.....####
♣##'##
#........#
♣♣♣.♣♣
#.....##.#
♣♣♣.♣♣♣
#.....##%#
♣♣♣r♣♣♣
#...>.##.#
♣♣h♣♣♣♣
#.....##.'
♣♣♣g♣♣♣♣
#.....####
♣♣@f5♣♣♣
#.....# #
♣♣..f.♣♣
##.#### #
###..### #.#
#....# #.#
##...#####.#
##........#
##########


You could see Crazy Yiuf, a friendly hound, a friendly crimson imp and a
friendly grey rat.

Vanquished Creatures
  Jessica (D:2)
  Terence (D:2)
  An adder (D:2)
  A giant mite (D:2)
  A worm (D:2)
  4 bats
  2 giant cockroaches
  4 goblins
  4 hobgoblins
  3 kobolds
  6 rats
28 creatures vanquished.

Vanquished Creatures (collateral kills)
  An adder (D:2)
  A worm (D:2)
  2 hobgoblins
  A giant newt (D:1)
  3 goblins (D:1)
  2 kobolds
10 creatures vanquished.

Vanquished Creatures (others)
  2 bats
  A quokka (D:1)
  3 rats (D:1)
6 creatures vanquished.

Grand Total: 44 creatures vanquished

Notes
Turn   | Place    | Note
--------------------------------------------------------------
     0 | D:1      | Rycklaryybbe, the Tengu Summoner, began the quest for the Orb.
     0 | D:1      | Reached XP level 1. HP: 10/10 MP: 3/3
   277 | D:1      | Reached XP level 2. HP: 13/15 MP: 5/5
   281 | D:1      | Learned a level 2 spell: Call Imp
   595 | D:1      | Found a sparkling altar of Nemelex Xobeh.
   784 | D:2      | Reached XP level 3. HP: 3/19 MP: 6/8
   822 | D:2      | Learned a level 3 spell: Call Canine Familiar
  1077 | D:2      | Noticed Terence
  1227 | D:2      | Killed Terence
  1227 | D:2      | Reached XP level 4. HP: 24/24 MP: 2/10
  1363 | D:2      | Noticed Jessica
  1387 | D:2      | Killed Jessica
  1478 | D:2      | Found a white marble altar of Elyvilon.
  1604 | D:2      | Noticed Crazy Yiuf
  1613 | D:2      | Slain by Crazy Yiuf

Action                   |  1- 3 |  4- 6 || total
-------------------------+-------+-------++-------
Melee: Dagger            |    19 |     9 ||    28
       Spear             |    53 |     3 ||    56
       Quarterstaff      |       |     5 ||     5
 Cast: Summon Small Mamm |    19 |     2 ||    21
       Call Imp          |     6 |     3 ||     9
       Call Canine Famil |       |     2 ||     2
  Use: Potion            |     1 |       ||     1
 Stab: Sleeping          |     4 |     2 ||     6
       Distracted        |       |     1 ||     1
